 Dungeon Crawl Stone Soup version 0.26.1-2-gb8aa6d0cf2 (webtiles) character file.

Game seed: 11372593316892874163

32 jmmainvi the Sneak (level 3, -1/16 HPs)
             Began as a Spriggan Enchanter on Feb 13, 2021.
             Slain by Grinder (4 damage)
             ... on level 3 of the Dungeon.
             The game lasted 00:04:19 (990 turns).

jmmainvi the Sneak (Spriggan Enchanter)              Turns: 990, Time: 00:04:20

Health: -1/16      AC:  2    Str:  4    XL:     3   Next: 10%
Magic:  1/8        EV: 18    Int: 17    God:
Gold:   59         SH:  0    Dex: 16    Spells: 4/7 levels left

rFire    . . .     SeeInvis +   a - +1 dagger
rCold    . . .     Faith    .   (shield restricted)
rNeg     . . .     Spirit   .   b - +0 robe
rPois    .         Reflect  .   (helmet restricted)
rElec    .         Harm     .   (no cloak)
rCorr    .         Rampage  .   (gloves unavailable)
Will     .....                  (boots unavailable)
Stlth    +++.......             (no amulet)
HPRegen  0.05/turn              (no ring)
MPRegen  0.11/turn              (no ring)

@: very quick
A: very small, unfitting armour, see invisible, speed 3
a: no special abilities


You were on level 3 of the Dungeon.
You visited 1 branch of the dungeon, and saw 3 of its levels.

You collected 59 gold pieces.

Inventory:

Hand Weapons
 a - a +1 dagger (weapon)
Missiles
 d - 16 bolts
Armour
 b - a +0 robe (worn)
 j - a +0 buckler
Jewellery
 c - a cursed amulet of inaccuracy {unknown}
Scrolls
 e - 2 scrolls of identify {unknown}
 g - 2 scrolls of teleportation {unknown}
 h - a scroll of immolation {unknown}
 k - a scroll of blinking {unknown}
 n - a scroll of remove curse {unknown}
Potions
 f - a potion of flight {unknown}
 i - a potion of lignification {unknown}
 l - a potion of degeneration {unknown}
 m - a potion of might {unknown}


   Skills:
 - Level 1.1 Short Blades
 - Level 3.0 Dodging
 * Level 5.7 Stealth
 - Level 2.6 Spellcasting
 + Level 4.1 Hexes
 + Level 0.5 Ice Magic


You had 4 spell levels left.
You knew the following spells:

 Your Spells              Type           Power        Failure   Level
a - Corona                Hex            17%          3%          1
b - Ensorcelled Hibernat  Hex/Ice        20%          11%         2

Your spell library contained the following spells:

 Spells                   Type           Power        Failure   Level
 Confusing Touch          Hex            16%          10%         3
 Tukima's Dance           Hex            16%          10%         3
 Dazzling Flash           Conj/Hex       18%          22%         3


Dungeon Overview and Level Annotations

Branches:
Dungeon (3/15)

Altars:

Annotations:
D:3 Grinder


Innate Abilities, Weirdness & Mutations

You are very small and have problems with some larger weapons.
You are too small for most types of armour.
You have supernaturally acute eyesight. (SInv)
You cover ground extremely quickly.


Message History

Confirm with . or Enter, or press ? or * to list all spells.
Aiming: Ensorcelled Hibernation (safe; 11% risk of failure)
Press: ? - help, Shift-Dir - straight line, f/p - leopard gecko
Aim: a leopard gecko (chance to affect: 59%)
The leopard gecko looks drowsy...
The frilled lizard completely misses you.
The helpless leopard gecko fails to defend itself.
You impale the leopard gecko!!
You kill the leopard gecko!
Grinder gestures at you. Pain shoots through your body!
Ouch! That really hurt!
* * * LOW HITPOINT WARNING * * *
The frilled lizard closely misses you.
Casting: Ensorcelled Hibernation (safe; 11% risk of failure)
Confirm with . or Enter, or press ? or * to list all spells.
You don't have enough magic to cast that spell.
There is an open door here.
Grinder hits you.
You die...

.##>...###..<..##.
.#...#.# #...#...# #.
.#.###.#
#.#...#.##.#..
....##.#
#.#..........
.)...#.###...........
..............##..#?#
.....####.###.##..#.#
#...### #.# #.......#
##.##.###.###.##@.###
#.#...##..##..5.##
#..5.....#.#.#..##
#.#...#####...#..#
#.##.## ######l####
..##... #≈≈≈§≈§§#
5#....... #≈≈≈.≈§§#
.####.....> #≈≈.≈.§≈#
#...### +..§§§..+


You could see Grinder and a frilled lizard.

Vanquished Creatures
  2 worms (D:2)
  2 dart slugs (D:2)
  2 leopard geckos
  4 bats
  A giant cockroach (D:1)
  A goblin (D:2)
  A hobgoblin (D:3)
  A quokka (D:2)
  A ball python (D:1)
  3 kobolds (D:2)
  4 rats
22 creatures vanquished.

Vanquished Creatures (others)
  5 toadstools (D:1)
5 creatures vanquished.

Grand Total: 27 creatures vanquished

Notes
Turn   | Place    | Note
-------+----------+-------------------------------------------
     0 | D:1      | jmmainvi the Spriggan Enchanter began the quest for the
                  | Orb.
     0 | D:1      | Reached XP level 1. HP: 9/9 MP: 5/5
   380 | D:2      | Reached skill level 5 in Stealth
   399 | D:2      | Reached XP level 2. HP: 4/13 MP: 3/6
   430 | D:1      | Learned a level 2 spell: Ensorcelled Hibernation
   889 | D:2      | Reached XP level 3. HP: 16/16 MP: 0/8
   960 | D:3      | Noticed Grinder
   990 | D:3      | Slain by Grinder

Illustrated notes

Levels and vault maps discovered:
D:1:      ldierk_walled_garden, layout_loops_ring, st_stairs_5
D:2:      layout_basic
D:3:      layout_loops_ring, gup_sewer_entry_pipe, kennysheep_generic_room_9,
          uniq_grinder

Skill      XL: |  1  2 |
---------------+-------+-----
Stealth        | 5 |  5.7
Hexes          | 4 |  4.1
Short Blades   | |  1.1
Dodging        | |  3.0
Spellcasting   | |  2.6
Ice Magic      | |  0.5

Action                   || total
-------------------------++-------
Melee: Dagger            ||    40
 Cast: Corona            ||     2
       Ensorcelled Hiber ||    13
 Stab: Sleeping          ||    14
Armor: Robe              ||     2
Dodge: Dodged            ||    36
